 Dungeon Crawl Stone Soup version 0.27-a0-1331-g60ef6b6952 (webtiles) character file.

Game seed: 3506855388618577908

50 Ijustatesigmund the Skirmisher (level 3, 0/26 HPs)
             Began as an Octopode Fighter on June 25, 2021.
             Succumbed to an adder's poison
             ... on level 2 of the Dungeon.
             The game lasted 00:01:30 (1280 turns).

Ijustatesigmund the Skirmisher (Octopode Fighter)   Turns: 1280, Time: 00:01:30

Health: 0/26       AC:  1    Str: 15    XL:     3   Next: 79%
Magic:  3/3        EV: 11    Int: 10    God:
Gold:   38         SH:  8    Dex: 12    Spells: 2/2 levels left

rFire    . . .     SeeInvis +   a - +0 war axe
rCold    . . .     Faith    .   b - +0 kite shield
rNeg     . . .     Spirit   .   (helmet restricted)
rPois    .         Reflect  .   (no amulet)
rElec    .         Harm     .   d - ring of see invisible
rCorr    .         Rampage  .   (no ring)
Will     .....                  (no ring)
Stlth    ++........             (no ring)
HPRegen  0.08/turn              (no ring)
MPRegen  0.08/turn              (no ring)
                                (no ring)
                                (no ring)

@: lethally poisoned (0 -> -3)
A: almost no armour, amphibious, 8 rings, camouflage 1, gelatinous body 1,
(nimble swimmer 1), tentacles
a: no special abilities


You were on level 2 of the Dungeon.
You visited 1 branch of the dungeon, and saw 2 of its levels.

You collected 38 gold pieces.

Inventory:

Hand Weapons
 a - a +0 war axe (weapon)
Armour
 b - a +0 kite shield (worn)
Jewellery
 d - a ring of see invisible (left tentacle)
Potions
 c - 3 potions of might
 f - 3 potions of attraction


   Skills:
 + Level 3.5 Fighting
 * Level 3.4 Axes
 - Level 3.0 Dodging
 - Level 3.0 Shields


You had 2 spell levels left.
You didn't know any spells.
Your spell library was empty.

Dungeon Overview and Level Annotations

Branches:
Dungeon (2/15)

Altars:


Innate Abilities, Weirdness & Mutations

You cannot wear most types of armour.
You are amphibious.
You can wear up to eight rings at the same time.
Your skin changes colour to match your surroundings (Stealth+).
Your rubbery body absorbs attacks. (AC +1, EV +1)
((You are camouflaged near water. (Stealth+)))
You have tentacles for arms and can constrict up to eight enemies at once.


Message History

You block the adder's attack.
You slash the adder! Your grab misses the adder. You squeeze the adder.
The adder is almost dead.
The adder bites you. You block the adder's attack.
You are too injured to fight recklessly!
You are too injured to fight recklessly!
You are too injured to fight recklessly!
You are too injured to fight recklessly!
You are too injured to fight recklessly!
An adder is nearby!
You are too injured to fight recklessly!
You are too injured to fight recklessly!
You are too injured to fight recklessly!
You are too injured to fight recklessly!
You are too injured to fight recklessly!
You are too injured to fight recklessly!
You are too injured to fight recklessly!
You are too injured to fight recklessly!
You are too injured to fight recklessly!
You barely miss the adder. Your grab misses the adder.
The adder is almost dead.
The adder bites you.
You are poisoned.
The adder poisons you! The adder bites you.
You closely miss the adder. Your grab misses the adder.
Your squeeze misses the adder.
The adder is almost dead.
* * * LOW HITPOINT WARNING * * *
You feel very sick. The adder bites you.
* * * LOW HITPOINT WARNING * * *
You block the adder's attack.
Okay, then.
You barely miss the adder. Your grab misses the adder.
The adder is almost dead.
* * * LOW HITPOINT WARNING * * *
You feel sick. You block the adder's attack. The adder barely misses you.
You miss the adder. Your grab misses the adder. You squeeze the adder.
You kill the adder!
You die...

#.# ************
#####***#######.##
*,,,,,,,,,,,
......,,.........#
*,**********
.#####**#######..#####,*
.#***,,,.............#,*
******
.#*,,,,,#######..###.#,*
*,,,,,
.#*,,,,,#######..#**,#.#
*,****
,#*,,,,,.........##)...#
*,*
.##.,,,,######..@......#
*,**** ..r>,,,,*
#..###..)## *,*,,,
....,,*** #.†#
**.##*****,*,**
.###*,*******#..#
*,..,,,,,,,,*
....,,,,,,,,,...#
***#*****,*,**
.#***,*****,##### *,*,,,
#####,# *,,,,,* *,****
....#.###,,,,,**** *,*
###.#...,,,,,,,,,* *,*


There were no monsters in sight!

Vanquished Creatures
  3 adders (D:2)
  A dart slug (D:2)
  2 bats (D:1)
  An endoplasm (D:1)
  2 giant cockroaches (D:1)
  2 goblins (D:1)
  4 hobgoblins
  3 quokkas (D:1)
  3 ball pythons
  A frilled lizard (D:1)
  4 kobolds (D:1)
  5 rats
31 creatures vanquished.

Notes
Turn   | Place    | Note
-------+----------+-------------------------------------------
     0 | D:1      | Ijustatesigmund the Octopode Fighter began the quest for
                  | the Orb.
     0 | D:1      | Reached XP level 1. HP: 16/16 MP: 1/1
   468 | D:1      | Reached XP level 2. HP: 21/21 MP: 2/2
  1136 | D:2      | Reached XP level 3. HP: 26/26 MP: 3/3
  1279 | D:2      | HP: 1/26 [poisoned by an adder]
  1280 | D:2      | Succumbed to an adder's poison

Illustrated notes

Levels and vault maps discovered:
D:1:      wheals_arrival_shading, layout_basic
D:2:      layout_loops_ring

Skill      XL: |  1  2 |
---------------+-------+-----
Axes           | 3 |  3.4
Fighting       | |  3.5
Dodging        | |  3.0
Shields        | |  3.0

Action                   || total
-------------------------++-------
Melee: War axe           ||    53
       Constrict         ||    14
       Tentacles         ||     8
  Use: Scroll            ||     4
 Stab: Sleeping          ||     8
Armor: Skin              ||     7
Dodge: Dodged            ||    19
Block: Kite shield       ||    27

Table legend: (Time is in decaauts)
 A = Elapsed time spent in this place.
 B = Non-inter-level travel time spent in this place.
 C = Inter-level travel time spent in this place.
 D = Time resting spent in this place.
 E = Time spent auto-exploring this place.
 F = Levels seen in this place.
 G = Mean time per level.
                   A        B        C        D        E       F      G
               +--------+--------+--------+--------+--------+-----+--------+
         Total |   1310 |   1278 |     32 |    343 |    726 |   2 |  655.0 |
       Dungeon |   1310 |   1278 |     32 |    343 |    726 |   2 |  655.0 |
               +--------+--------+--------+--------+--------+-----+--------+

Top non-repeatable levels by time:
     D:1: 1128 daAuts
     D:2: 182 daAuts
